 Dungeon Crawl Stone Soup version 0.29-a0-362-g5854e031c7 (webtiles) character file.

Game seed: 6790582724534704290

156 HendSelp the Skirmisher (level 5, -1/57 HPs)
             Began as an Ogre Berserker on Apr 29, 2022.
             Was a Believer of Trog.
             Slain by an orc
             ... wielding a +0 flail
              (3 damage)
             ... on level 3 of the Dungeon.
             The game lasted 00:02:24 (2379 turns).

HendSelp the Skirmisher (Ogre Berserker)            Turns: 2379, Time: 00:02:25

Health: -1/57      AC:  5    Str: 23    XL:     5   Next: 38%
Magic:  5/5        EV: 10    Int:  8    God:    Trog [**....]
Gold:   37         SH:  0    Dex:  8    Spells: 4/4 levels left

rFire   . . .      SeeInvis .   a - +1 mace (protect)
rCold   . . .      Faith    .   (no shield)
rNeg    . . .      Spirit   .   b - +2 animal skin
rPois   .          Reflect  .   (helmet restricted)
rElec   .          Harm     .   (no cloak)
rCorr   .          Rampage  .   (gloves unavailable)
Will    ++...                   (boots unavailable)
Stlth   +.........              (no amulet)
HPRegen 1.19/turn               (no ring)
MPRegen 0.09/turn               (no ring)

@: strong-willed, on berserk cooldown, regenerating, slowed, very slow
A: large, unfitting armour, tough skin 1
a: Renounce Religion, Berserk, Trog's Hand


You were on level 3 of the Dungeon.
You worshipped Trog.
Trog was pleased with you.
You visited 1 branch of the dungeon, and saw 3 of its levels.

You collected 37 gold pieces.

Inventory:

Hand Weapons
 a - a +1 mace of protection (weapon)
Armour
 b - a +2 animal skin (worn)
Potions
 d - a potion of flight {unknown}
 f - a potion of brilliance {unknown}


   Skills:
 + Level 5.2 Fighting
 + Level 4.0 Maces & Flails
 + Level 3.6 Dodging
 + Level 0.3 Stealth


You had 4 spell levels left.
You didn't know any spells.
Your spell library was empty.

Dungeon Overview and Level Annotations

Branches:
Dungeon (3/15)

Altars:


Innate Abilities, Weirdness & Mutations

You are too large for most types of armour.
You have tough skin. (AC +1)


Message History

The orc hits you but does no damage. The orc closely misses you.
The orc hits you but does no damage. The orc barely misses you.
The gnoll barely misses you. The orc hits you but does no damage.
The orc completely misses you. The orc barely misses you.
Unknown command.
Unknown command.
You hit the gnoll.
The gnoll is almost dead.
The gnoll barely misses you. The orc hits you but does no damage.
The orc barely misses you. The orc hits you but does no damage. x2
Unknown command.
Unknown command.
You closely miss the gnoll.
The gnoll is almost dead.
The gnoll hits you but does no damage. The orc misses you. x2
The orc hits you but does no damage. The orc barely misses you.
The orc hits you with a +0 flail.
* * * LOW HITPOINT WARNING * * *
The gnoll misses you. The orc hits you but does no damage. x2
The orc barely misses you.
Unknown command.
Okay, then.
You barely miss the gnoll.
The gnoll is severely wounded.
The gnoll barely misses you. The orc hits you with a +0 dagger.
* * * LOW HITPOINT WARNING * * *
The orc barely misses you. The orc hits you with a +0 dagger.
* * * LOW HITPOINT WARNING * * *
The orc hits you with a +0 flail.
* * * LOW HITPOINT WARNING * * *
The orc closely misses you. The gnoll hits you with a +0 spear!
* * * LOW HITPOINT WARNING * * *
The orc barely misses you. x2; The orc hits you but does no damage.
Unknown command.
Your skin crawls.
You feel strong-willed. The gnoll hits you with a +0 spear.
* * * LOW HITPOINT WARNING * * *
The orc hits you with a +0 flail.
You die...

........Jg..######.###
.#..)gg...†##......
.........####.##.#.###
...##.#### #.##.#.# .
#.### #.##<#.# # ..
#.#.. )....#.# # #..
#.#.# ###....(.# #
##...##g#.# ......)..#
....$bo@#.##.##..###.#
##>..#ooo.#...#..# #.#
#.....o))..#....# #.#
#..##.####...##.# #.#
#. #. ##.###.# #.# $.
#. #.# #.# #.# . #.
#.# #.# #.# ..
#.###.###.#
#.........#


You could see an orc priest, a gnoll, 4 orcs and a bat.

Vanquished Creatures
  An ogre (D:3)
  2 gnolls (D:3)
  2 worms
  A dart slug (D:1)
  6 endoplasms
  3 giant cockroaches
  5 goblins (D:1)
  3 hobgoblins
  2 jackals (D:2)
  2 quokkas (D:1)
  5 bats
  3 frilled lizards
  3 kobolds
  5 rats
43 creatures vanquished.

Vanquished Creatures (others)
  3 fungi (D:1)
  A plant (D:1)
4 creatures vanquished.

Grand Total: 47 creatures vanquished

Notes
Turn   | Place    | Note
-------+----------+-------------------------------------------
     0 | D:1      | HendSelp the Ogre Berserker began the quest for the Orb.
     0 | D:1      | Reached XP level 1. HP: 24/24 MP: 1/1
    53 | D:1      | Reached XP level 2. HP: 14/32 MP: 2/2
   652 | D:1      | Found a faded altar of an unknown god.
   877 | D:1      | Reached XP level 3. HP: 27/40 MP: 3/3
  1654 | D:2      | Reached ** piety under Trog
  2009 | D:3      | Noticed an ogre
  2018 | D:3      | Killed an ogre
  2018 | D:3      | HP: 2/61 [gnoll/+0 spear (4)]
  2019 | D:3      | Reached skill level 5 in Fighting
  2019 | D:3      | Reached XP level 4. HP: 3/50 MP: 4/4
  2019 | D:3      | Reached XP level 5. HP: 3/57 MP: 5/5
  2366 | D:3      | HP: 2/57 [orc/+0 flail (4)]
  2379 | D:3      | HP: 2/57 [gnoll/+0 spear (4)]
  2379 | D:3      | Slain by an orc

Illustrated notes

Levels and vault maps discovered:
D:1:      eino_arrival_druids_welcome, layout_rooms,
          dreamdust_ecumenical_altar_grove, hex_intersection
D:2:      layout_basic
D:3:      layout_loops_ring, serial_shops, nicolae_shop_stone, minmay_circle_x

Skill      XL: |  1  2  3  4  5 |
---------------+----------------+-----
Dodging        | 3 |  3.6
Maces & Flails | 3 4 |  4.0
Fighting       | 5 |  5.2
Stealth        | |  0.3

Action                   |  1- 3 |  4- 6 || total
-------------------------+-------+-------++-------
Melee: Mace              |   122 |    23 ||   145
       Punch             |     2 |       ||     2
Invok: Berserk           |     2 |     1 ||     3
       Trog's Hand       |       |     1 ||     1
  Use: Scroll            |     8 |     1 ||     9
       Potion            |       |     4 ||     4
 Stab: Sleeping          |     1 |       ||     1
Armor: Animal skin       |    60 |    38 ||    98
Dodge: Dodged            |    95 |    61 ||   156

Table legend: (Time is in decaauts)
 A = Elapsed time spent in this place.
 B = Non-inter-level travel time spent in this place.
 C = Inter-level travel time spent in this place.
 D = Time resting spent in this place.
 E = Time spent auto-exploring this place.
 F = Levels seen in this place.
 G = Mean time per level.
                   A        B        C        D        E       F      G
               +--------+--------+--------+--------+--------+-----+--------+
         Total |   2436 |   2367 |     69 |    701 |   1289 |   3 |  812.0 |
       Dungeon |   2436 |   2367 |     69 |    701 |   1289 |   3 |  812.0 |
               +--------+--------+--------+--------+--------+-----+--------+

Top non-repeatable levels by time:
     D:1: 1389 daAuts
     D:2: 887 daAuts
     D:3: 159 daAuts
